details: '2 - 0'

« prev index next »

General information

Mini Map

Players

team 1
HumanPLEASEDONTGO (red | 75 APM | 1599 actions | 21:25)
Hero icon 4 Mountain King
Ability icon 2 Storm Bolt
Ability icon 2 Bash
Hero icon 4 Paladin
Ability icon 2 Holy Light
Ability icon 2 Divine Shield

» actions
Assign group hotkey46
Basic commands49
Build / train86
Enter build submenu31
Enter hero's abilities submenu8
Right click844
Select / deselect249
Select group hotkey199
Use ability87
1599 total
» units
Peasant16
Footman7
Rifleman5
Sorceress1
Spell Breaker1
Gryphon Rider6
Knight6
Priest3
45 total
» upgrades
Defend1
Long Rifles1
Magic Sentry1
Sorceress Training1
Storm Hammers1
Animal War Training1
Control Magic1
Armor1
Priest Training2
Swords1
11 total
» buildings
Altar of Kings1
Farm15
Barracks1
Scout Tower8
Arcane Tower1
Arcane Vault1
Keep1
Lumber Mill1
Blacksmith1
Arcane Sanctum1
Guard Tower6
Castle2
Gryphon Aviary1
Town Hall1
41 total
» build order
00:05 Altar of Kings
00:23 Farm
00:39 Barracks
00:53 Farm
01:36 Scout Tower
02:02 Arcane Tower
02:40 Arcane Vault
03:21 Farm
03:22 Farm
03:25 Keep
04:21 Lumber Mill
04:34 Blacksmith
05:14 Scout Tower
05:16 Scout Tower
05:20 Scout Tower
05:22 Scout Tower
05:48 Arcane Sanctum
06:50 Guard Tower
06:51 Guard Tower
08:07 Farm
08:08 Farm
08:11 Farm
08:12 Farm
08:14 Farm
08:15 Farm
08:46 Castle
08:46 Castle
10:08 Gryphon Aviary
10:59 Scout Tower
11:47 Scout Tower
11:50 Scout Tower
13:24 Guard Tower
13:24 Guard Tower
14:08 Guard Tower
14:08 Guard Tower
15:47 Farm
15:48 Farm
15:48 Farm
15:49 Farm
15:49 Farm
15:57 Town Hall
» items
Scroll of Regeneration3
Lesser Clarity Potion1
Scroll of Town Portal1
Potion of Healing1
6 total
team 2
OrcHoneyBlunt (blue | 94 APM | 2019 actions | 21:24)
Hero icon 4 Far Seer
Ability icon 2 Feral Spirit
Ability icon 2 Chain Lighting
Hero icon 2 Shadow Hunter
Ability icon 1 Hex
Ability icon 1 Healing Wave

» actions
Assign group hotkey25
Basic commands49
Build / train64
ESC pressed1
Enter build submenu31
Enter hero's abilities submenu6
Give item / drop item1
Remove unit from queue1
Right click1045
Select / deselect398
Select group hotkey287
Use ability111
2019 total
» units
Peon12
Grunt9
Forest Troll Shadow Priest1
Kodo Beast1
Spirit Walker3
Raider3
Troll Headhunter/Berserker3
32 total
» upgrades
Spiked Barricades2
Armor2
Berserker Strength1
War Drums Damage Increase1
Reinforced Defenses1
Spirit Walker Training1
Ensnare1
Melee Weapons1
Berserker Upgrade1
Shaman Training2
Ranged Weapons1
14 total
» buildings
Altar of Storms1
Orc Burrow8
Barracks1
Voodoo Lounge1
War Mill1
Watch Tower11
Stronghold1
Beastiary1
Fortress1
Spirit Lodge1
Great Hall1
28 total
» build order
00:17 Altar of Storms
00:20 Orc Burrow
00:51 Barracks
01:34 Orc Burrow
01:49 Voodoo Lounge
02:14 War Mill
03:29 Watch Tower
03:32 Watch Tower
04:10 Orc Burrow
04:42 Stronghold
07:07 Orc Burrow
07:10 Watch Tower
07:21 Beastiary
08:12 Fortress
08:34 Orc Burrow
10:09 Spirit Lodge
11:03 Watch Tower
11:32 Watch Tower
12:01 Orc Burrow
13:58 Watch Tower
14:07 Watch Tower
15:24 Watch Tower
15:58 Watch Tower
17:15 Orc Burrow
17:25 Watch Tower
17:47 Watch Tower
19:45 Orc Burrow
20:22 Great Hall
» items
Lesser Clarity Potion3
Healing Salve3
Orb of Lightning1
7 total